AoeStats
← Wolf Slayer

African Clearing

510775155Analyzed
4v4 RM · 1d ago on Oct 2, 2026· 52m 12s· 8 players
Game mode
Random Map
Map size
Large (8 player)
Population
200
Speed
Normal
Resources
Standard
Victory
Conquest
Starting age
Dark Age
Ending age
Imperial Age
RankedLock teamsTeams togetherTeam positionsShared explorationLock speedFull tech treeHidden civsTurbo modeCheats
Victory
Defeat
🇲🇴 Wei · Macao SAR China
1551
+16
🇨🇳 Varangians · China
1506
+17
🇪🇨 Persians · Ecuador
1482
+18
🇲🇽 Khmer · Mexico
1467
+19
🇹🇷 Bohemians · Türkiye
1569
-18
🇬🇧 Huns · United Kingdom
1569
-19
🇩🇪 Cumans · Germany
1525
-17
🇫🇷 Italians · France
1491
-16
Bizzy
6:04 Loom
11:46 Feudal Age
12:27 Double-Bit Axe
15:02 Horse Collar
15:20 Horse Collar
28:05 Wheelbarrow
30:22 Castle Age
29:08 Gold Mining
31:30 Bloodlines
32:26 Scale Barding Armor
33:07 Forging
34:07 Bow Saw
34:27 Stone Mining
34:38 Heavy Plow
34:32 Town Watch
35:42 Chain Barding Armor
42:14 Imperial Age
42:13 Gold Shaft Mining
42:57 Iron Casting
42:58 Masonry
42:57 Cavalier
45:06 Plate Barding Armor
46:28 Blast Furnace
48:02 Hand Cart
50:30 Conscription
52:15 Two-Man Saw
51:46 Crop Rotation
51:19 Fletching
Wolf Slayer
12:24 Feudal Age
13:18 Double-Bit Axe
15:50 Forging
16:48 Scale Barding Armor
22:16 Castle Age
21:08 Bloodlines
20:50 Fletching
22:57 Bodkin Arrow
31:12 Ballistics
32:30 Town Watch
Half_59
12:37 Feudal Age
16:42 Castle Age
15:04 Double-Bit Axe
15:58 Stone Mining
16:24 Gold Mining
18:12 Fletching
19:30 Loom
24:20 Bodkin Arrow
26:31 Horse Collar
29:41 Padded Archer Armor
31:07 Ballistics
34:17 Wheelbarrow
34:35 Leather Archer Armor
36:37 Heavy Plow
36:50 Bow Saw
41:29 Imperial Age
43:21 Chemistry
43:03 Conscription
42:50 Bracer
43:20 Ring Archer Armor
43:32 Thumb Ring
45:25 Stone Shaft Mining
47:14 Hand Cart
46:45 Town Watch
47:48 Elite Genoese Crossbowman
Professor4K
7:55 Loom
11:59 Feudal Age
22:40 Castle Age
CAXCAN
12:30 Loom
14:21 Feudal Age
17:47 Castle Age
15:55 Double-Bit Axe
17:46 Bloodlines
18:35 Husbandry
21:33 Scale Barding Armor
27:56 Horse Collar
30:06 Forging
32:10 Chain Barding Armor
33:11 Husbandry
38:49 Heavy Plow
39:00 Bow Saw
39:27 Wheelbarrow
40:41 Hand Cart
40:59 Tusk Swords
41:54 Forging
47:18 Imperial Age
45:16 Gold Mining
47:34 Ballistics
47:20 Capped Ram
48:19 Heavy Scorpion
50:04 Chemistry
49:46 Double Crossbow
50:55 Siege Ram
51:43 Light Cavalry
52:36 Siege Engineers
[ECU] QUITUS
8:43 Loom
11:21 Feudal Age
27:28 Castle Age
31:49 Horse Collar
32:25 Double-Bit Axe
34:48 Bow Saw
34:46 Heavy Plow
35:33 Wheelbarrow
36:12 Bloodlines
38:21 Gold Mining
40:11 Hand Cart
40:50 Gold Shaft Mining
42:54 Imperial Age
40:46 Scale Barding Armor
40:43 Husbandry
40:55 Forging
41:47 Chain Barding Armor
42:09 Town Watch
43:06 Iron Casting
42:40 Cavalier
43:58 Plate Barding Armor
46:01 Savar
48:00 Blast Furnace
48:25 Padded Archer Armor
48:16 Fletching
48:50 Ballistics
49:31 Chemistry
50:31 Leather Archer Armor
50:12 Bodkin Arrow
49:43 Elite Skirmisher
51:19 Thumb Ring
51:50 Ring Archer Armor
Monreson
8:39 Loom
12:25 Feudal Age
13:08 Double-Bit Axe
15:07 Scale Barding Armor
16:02 Bloodlines
22:48 Castle Age
21:20 Forging
22:53 Light Cavalry
24:53 Husbandry
31:20 Wheelbarrow
31:29 Chain Barding Armor
49:54 Imperial Age
50:55 Iron Casting
51:28 Conscription
52:38 Blast Furnace
屁屁人
11:00 Loom
13:16 Feudal Age
14:52 Double-Bit Axe
17:54 Horse Collar
20:09 Forging
20:05 Scale Barding Armor
21:38 Bloodlines
25:20 Castle Age
24:08 Gold Mining
25:04 Fletching
25:39 Padded Archer Armor
26:30 Bodkin Arrow
28:01 Bow Saw
29:40 Ballistics
30:34 Town Watch
32:32 Padded Archer Armor
34:43 Stone Mining
36:08 Leather Archer Armor
40:11 Wheelbarrow
40:19 Heavy Plow
41:23 Thumb Ring
46:33 Imperial Age
45:03 Hand Cart
47:48 Parthian Tactics
Connection lost

Rejoining the realm…

Still unreachable

The connection could not be restored.

Session expired

The server has moved on; the page needs a fresh start.